 Dungeon Crawl Stone Soup version 0.30.1-3-gfc49f6343a (webtiles) character file.

Game seed: 17729802531037687701

75 spardeous the Firebug (level 3, -4/26 HPs)
             Began as a Demigod Fire Elementalist on July 27, 2023.
             Slain by a gnoll
             ... wielding a +0 flail
              (7 damage)
             ... on level 3 of the Dungeon.
             The game lasted 00:02:59 (2771 turns).

spardeous the Firebug (Demigod Fire Elementalist)   Turns: 2771, Time: 00:03:00

Health: -4/26      AC:  2    Str:  9    XL:     3   Next: 88%
Magic:  4/8        EV: 12    Int: 21    God:
Gold:   138        SH:  0    Dex: 14    Spells: 4/5 levels left

rFire   . . .        (no weapon)
rCold   . . .        (no shield)
rNeg    . . .        a - +0 robe
rPois   .            (no helmet)
rElec   .            (no cloak)
rCorr   .            (no gloves)
SInv    .            (no boots)
Will    .....        (no amulet)
Stlth   ++           (no ring)
HPRegen 0.24/turn    (no ring)
MPRegen 0.11/turn

%: no passive effects
@: no status effects
A: high MP 1, forlorn, divine attributes
a: no special abilities


You were on level 3 of the Dungeon.
You visited 1 branch of the dungeon, and saw 3 of its levels.

You collected 138 gold pieces.

Inventory:

Armour
 a - a +0 robe (worn)
 g - a +0 buckler
Magical Staves
 h - a staff of air
Jewellery
 j - a ring of poison resistance
 o - a +6 ring of strength
Wands
 l - a wand of polymorph (5)
Scrolls
 c - a scroll of teleportation {unknown}
 d - 2 scrolls of noise {unknown}
 f - a scroll of brand weapon {unknown}
 m - a scroll of magic mapping {unknown}
 n - a scroll of poison {unknown}
Potions
 b - a potion of magic
 e - a potion of heal wounds {unknown}
 i - 3 potions of curing {unknown}
 k - a potion of haste {unknown}


   Skills:
 - Level 1.7 Dodging
 - Level 1.7 Stealth
 - Level 1.7 Spellcasting
 - Level 0.8 Conjurations
 + Level 4.5 Fire Magic


You had 4 spell levels left.
You knew the following spells:

 Your Spells              Type           Power      Damage    Failure   Level
a - Foxfire               Conj/Fire      52%        2x1d6     4%          1

Your spell library contained the following spells:

 Spells                   Type           Power      Damage    Failure   Level
 Scorch                   Fire           42%        2d6       3%          2
 Inner Flame              Hex/Fire       11%        N/A       19%         3
 Volatile Blastmotes      Fire/Tloc      22%        2d11      19%         3
 Flame Wave               Conj/Fire      13%        2d6       45%         4


Dungeon Overview and Level Annotations

Branches:
Dungeon (3/15)

Shops:
D:3 *


Innate Abilities, Weirdness & Mutations

You have an increased reservoir of magic. (+10% MP)
You shall have no god before yourself.
Your divine heritage dramatically boosts your attributes as you level up.


Message History

The gnoll is moderately wounded.
You now have 6/8 mp.
Casting: Foxfire (safe; 4% risk of failure)
Confirm with . or Enter, or press ? or * to list all spells.
There is not enough space to conjure foxfire!
Casting: Foxfire (safe; 4% risk of failure)
Confirm with . or Enter, or press ? or * to list all spells.
There is not enough space to conjure foxfire!
Unknown command.
Your foxfire dissipates!
The gnoll attacks as you move away! The gnoll barely misses you.
Casting: Foxfire (safe; 4% risk of failure)
Confirm with . or Enter, or press ? or * to list all spells.
You conjure some foxfire!
The gnoll closely misses you.
The foxfire hits the gnoll.
The gnoll is lightly wounded.
The foxfire hits the gnoll.
The gnoll is moderately wounded.
Casting: Foxfire (safe; 4% risk of failure)
Confirm with . or Enter, or press ? or * to list all spells.
You conjure some foxfire!
The gnoll barely misses you.
The gnoll hits you from afar with a +0 spear.
The gnoll barely misses you.
The foxfire hits the gnoll.
The gnoll is severely wounded.
The foxfire hits the gnoll.
The gnoll is almost dead.
The gnoll hits you with a +0 flail. The gnoll hits you but does no damage.
The gnoll hits you from afar with a +0 spear.
You take 14 damage, and have 12/26 hp.
MASSIVE DAMAGE!!
You now have 5/8 mp.
The gnoll attacks as you move away! The gnoll hits you with a +0 flail!
* * * LOW HITPOINT WARNING * * *
You take 10 damage, and have 2/26 hp.
MASSIVE DAMAGE!!
Casting: Foxfire (safe; 4% risk of failure)
Confirm with . or Enter, or press ? or * to list all spells.
You conjure some foxfire!
The gnoll closely misses you.
The foxfire hits the gnoll.
The gnoll is lightly wounded.
The gnoll hits you with a +0 flail!
You die...

.. #..#.# ##.#####..#.#
............# ##
##..........# #.
#..####.##.######### ###
#. #. #.##..........
..#####.
#.####.....>..##.##....
###.# #v######.##.##.##.
....####@#
#.g.(##.##.##. #......g#
#.#.v...##.##.
#.####.g###.#.....g.<...
.......g..g.#....g....##
.........#######.###.##
##.#####... #....# ### #
####.#.##.# #.##.#
..g$g.g.##.#


You could see 3 gnolls.

Vanquished Creatures
  2 adders
  A worm (D:3)
  2 dart slugs (D:1)
  4 endoplasms
  3 giant cockroaches
  6 goblins
  8 hobgoblins
  6 kobolds
  A quokka (D:1)
  4 ball pythons
  5 bats
  4 rats
46 creatures vanquished.

Vanquished Creatures (others)
  250 foxfires
250 creatures vanquished.

Grand Total: 296 creatures vanquished

Notes
Turn   | Place    | Note
-------+----------+-------------------------------------------
     0 | D:1      | spardeous the Demigod Fire Elementalist began the quest for
                  | the Orb.
     0 | D:1      | Reached XP level 1. HP: 14/14 MP: 5/5
   101 | D:1      | Reached skill level 3 in Fire Magic
   239 | D:1      | Reached XP level 2. HP: 20/20 MP: 1/7
  1495 | D:2      | Reached XP level 3. HP: 26/26 MP: 5/8
  1604 | D:2      | Reached skill level 4 in Fire Magic
  2285 | D:3      | Found Haazehiff's Assorted Antiques.
  2771 | D:3      | Slain by a gnoll

Illustrated notes

Levels and vault maps discovered:
D:1:      spicycebolla_green_bress_n_ham, layout_rooms,
          shapermc_ecumenical_altar_notcrosses
D:2:      layout_loops_ring, corexii_item_surrounded_by_moat
D:3:      layout_loops_ring, serial_shops, shop

Skill      XL: |  1  2  3 |
---------------+----------+-----
Fire Magic     | 3 4 |  4.5
Dodging        | |  1.7
Stealth        | |  1.7
Spellcasting   | |  1.7
Conjurations   | |  0.8

Action                     || total
---------------------------++-------
   Cast: Foxfire           ||   147
 Armour: Robe              ||     9
  Dodge: Dodged            ||    42
